 Dungeon Crawl Stone Soup version 0.21.1-1-g345015fe64 (webtiles) character file.

77 Evaline the Chucker (level 4, 0/44 HPs)
             Began as an Ogre Hunter on June 21, 2018.
             Slain by a hound (4 damage)
             ... on level 2 of the Dungeon.
             The game lasted 00:07:08 (1877 turns).

Evaline the Chucker (Ogre Hunter)                   Turns: 1877, Time: 00:07:08

Health: 0/44       AC:  3    Str: 16    XL:     4   Next: 33%
Magic:  4/4        EV: 10    Int: 12    God:
Gold:   95         SH:  0    Dex: 10    Spells: 3/3 levels left

rFire    . . .     SeeInvis .   a - +0 mace
rCold    . . .     Gourm    .   (no shield)
rNeg     . . .     Faith    .   h - +0 robe
rPois    .         Spirit   .   (helmet restricted)
rElec    .         Reflect  .   (no cloak)
rCorr    .         Harm     .   (gloves unavailable)
MR       .....                  (boots unavailable)
Stlth    +.........             (no amulet)
HPRegen  0.14/turn              (no ring)
MPRegen  0.09/turn              (no ring)

@: no status effects
A: large, unfitting armour, tough skin 1
a: no special abilities


You were on level 2 of the Dungeon.
You were not hungry.

You visited 1 branch of the dungeon, and saw 2 of its levels.

You collected 95 gold pieces.

Inventory:

Hand Weapons
 a - a +0 mace (weapon)
 b - a +0 hand axe
Missiles
 d - 2 throwing nets
 f - a large rock
 l - 56 stones (quivered)
Armour
 h - a +0 robe (worn)
Scrolls
 e - a scroll of fog {unknown}
 i - a scroll of fear {unknown}
 j - a scroll of amnesia {unknown}
 n - a scroll of immolation {unknown}
 o - a scroll of identify {unknown}
 p - a scroll of teleportation {unknown}
 r - 2 scrolls of magic mapping {unknown}
 t - a scroll of random uselessness {unknown}
Potions
 g - a potion of heal wounds {unknown}
 k - a potion of flight {unknown}
 q - 2 potions of degeneration {unknown}
 s - a potion of lignification {unknown}
 u - a potion of agility {unknown}
Comestibles
 c - 3 rations


   Skills:
 - Level 2.6 Fighting
 * Level 1.8 Maces & Flails
 + Level 5.0 Throwing
 + Level 2.1 Dodging
 - Level 0.6 Stealth


You had 3 spell levels left.
You didn't know any spells.

Dungeon Overview and Level Annotations

Branches:
Dungeon (2/15)

Altars:


Innate Abilities, Weirdness & Mutations

You are too large for most types of armour.
You have tough skin. (AC +1)


Message History

You closely miss the hound.
The hound is moderately wounded.
The hound closely misses you. The hound bites you.
* * * LOW HITPOINT WARNING * * *
You hit the hound.
The hound is severely wounded.
The hound bites you.
* * * LOW HITPOINT WARNING * * *
The hound closely misses you.
You closely miss the hound.
The hound is severely wounded.
The hound bites you.
* * * LOW HITPOINT WARNING * * *
The hound bites you but does no damage.
You hit the hound.
The hound is severely wounded.
The hound bites you.
* * * LOW HITPOINT WARNING * * *
The hound bites you.
You die...

..# #......# ..#
#......# ..# #......#
..# ##.....# ### #.....#
.# ###.### .# #.# .#
#.############## ##
######.##gggh@.......
####......##g#####..####
.....#######.#####..#
###### #..g.......... ##
#g##.#...#.. #. .#
#.##..#.#... . .#
#g##.......# .#
##.##..#.#.# .#
#.g.[.....##


You could see a hound, a hobgoblin and 3 goblins.

Vanquished Creatures
  Jessica (D:2)
  2 worms (D:2)
  A dart slug (D:1)
  A leopard gecko (D:1)
  A giant cockroach (D:2)
  10 goblins
  7 hobgoblins
  7 kobolds
  5 bats
  3 frilled lizards
  3 rats
41 creatures vanquished.

Notes
Turn   | Place    | Note
-------+----------+-------------------------------------------
     0 | D:1      | Evaline the Ogre Hunter began the quest for the Orb.
     0 | D:1      | Reached XP level 1. HP: 22/22 MP: 1/1
   151 | D:1      | Reached XP level 2. HP: 29/29 MP: 2/2
   209 | D:1      | HP: 1/29 [hobgoblin/club (1)]
   936 | D:2      | Noticed Jessica
   936 | D:2      | Reached XP level 3. HP: 36/36 MP: 3/3
   951 | D:2      | Killed Jessica
   951 | D:2      | Reached skill level 1 in Maces & Flails
  1221 | D:2      | Reached XP level 4. HP: 29/44 MP: 4/4
  1511 | D:2      | Reached skill level 5 in Throwing
  1877 | D:2      | Slain by a hound

Skill      XL: |  1  2  3  4 |
---------------+-------------+-----
Dodging        | 2 |  2.1
Maces & Flails | 1 |  1.8
Throwing       | 5 |  5.0
Fighting       | |  2.6
Stealth        | |  0.6

Action                   |  1- 3 |  4- 6 || total
-------------------------+-------+-------++-------
Melee: Mace              |    81 |    63 ||   144
Throw: Large rock        |     5 |     6 ||    11
       Stone             |     8 |       ||     8
  Eat: Chunk             |     1 |     2 ||     3
Armor: Robe              |    26 |    16 ||    42
Dodge: Dodged            |    53 |    36 ||    89
